 Dungeon Crawl Stone Soup version 0.21-a0-442-g848f44b (webtiles) character file.

48 slep the Vexing (level 3, -1/26 HPs)
             Began as a Demonspawn Wanderer on Nov 15, 2017.
             Slain by a bullfrog (2 damage)
             ... on level 3 of the Dungeon.
             The game lasted 00:05:59 (1378 turns).

slep the Vexing (Demonspawn Wanderer)               Turns: 1378, Time: 00:06:00

Health: -1/26      AC:  6    Str:  9    XL:     3   Next: 50%
Magic:  6/6        EV:  7    Int: 11    God:
Gold:   131        SH:  6    Dex: 13    Spells: 6/6 levels left

rFire    . . .     SeeInvis .   a - +2 mace
rCold    . . .     Gourm    .   j - +0 shield {AC+3}
rNeg     . . .     Faith    .   z - +0 leather armour
rPois    .         Spirit   .   (no helmet)
rElec    .         Reflect  .   (no cloak)
rCorr    .         Harm     .   (no gloves)
MR       .....                  (no boots)
Stlth    +++.......             (no amulet)
HPRegen  0.08/turn              l - -5 ring of strength (curse)
MPRegen  0.10/turn              (no ring)

@: no status effects
A: nightstalker 1
a: no special abilities


You were on level 3 of the Dungeon.
You were not hungry.

You visited 1 branch of the dungeon, and saw 3 of its levels.

You collected 131 gold pieces.

Inventory:

Hand Weapons
 a - a +2 mace (weapon)
 e - a +0 dagger
Missiles
 s - 7 steel javelins (quivered)
Armour
 d - a +0 robe
 j - a +0 shield of protection (worn)
 z - a +0 leather armour (worn)
Jewellery
 l - a cursed -5 ring of strength (left hand)
Wands
 t - a wand of random effects (32/48)
 x - a wand of iceblast (7/15)
Scrolls
 g - 7 scrolls of identify {unknown}
 i - a scroll of enchant armour {unknown}
 m - a scroll of fear {unknown}
 n - a scroll of random uselessness {unknown}
 q - 2 scrolls of immolation {unknown}
 r - a scroll of blinking {unknown}
 v - a scroll of fog {unknown}
 w - 2 scrolls of amnesia {unknown}
 y - a scroll of recharging {unknown}
Potions
 c - a potion of lignification
 h - a potion of curing
 o - a potion of agility {unknown}
 p - a potion of flight {unknown}
Books
 b - Vehumet's Handbook of Confrontation

   Spells                             Type                      Level
   a - Magic Dart                     Conjuration                  1
   b - Mephitic Cloud                 Conjuration/Poison/Air       3
Comestibles
 f - a bread ration
 k - 2 meat rations
 u - a royal jelly


   Skills:
 + Level 1.3 Fighting
 + Level 2.6 Maces & Flails
 + Level 0.1 Dodging
 + Level 2.5 Stealth
 + Level 2.2 Spellcasting
   Level 3.0 Hexes


You had 6 spell levels left.
You didn't know any spells.

Dungeon Overview and Level Annotations

Branches:
Dungeon (3/15)

Altars:
Vehumet


Innate Abilities, Weirdness & Mutations

You are slightly more attuned to the shadows.


Message History

You sock the bullfrog!
The bullfrog is heavily wounded.
The bullfrog hits you but does no damage.
The bullfrog barely misses you.
Your shield prevents you from hitting the bullfrog.
The bullfrog is heavily wounded.
The bullfrog hits you but does no damage.
The bullfrog hits you.
You hit the bullfrog.
The bullfrog is severely wounded.
The bullfrog hits you.
* * * LOW HITPOINT WARNING * * *
The bullfrog hits you.
* * * LOW HITPOINT WARNING * * *
The bullfrog hits you but does no damage.
You hit the bullfrog.
The bullfrog is almost dead.
You hear the slow rusting of a very distant drain.
The bullfrog closely misses you. The bullfrog hits you.
You die...

...# ...# ....
..# #.#
########.## #.#
.....F@...##
#.#
########...#
#.. ......#.##
#.#
#######..####.#
#.........##.#
#)........##.#
#.........##.#
#.........##.#
#.........##.#


You could see a bullfrog.

Vanquished Creatures
  2 adders (D:2)
  2 worms (D:2)
  2 leopard geckos
  A bat (D:2)
  2 giant cockroaches (D:2)
  3 goblins
  3 hobgoblins
  A quokka (D:2)
  7 frilled lizards
23 creatures vanquished.

Vanquished Creatures (others)
  A bat (D:2)
1 creature vanquished.

Grand Total: 24 creatures vanquished

Notes
Turn   | Place    | Note
-------+----------+-------------------------------------------
     0 | D:1      | slep the Demonspawn Wanderer began the quest for the Orb.
     0 | D:1      | slep set off with: a +2 mace, Vehumet's Handbook of Confrontation, a potion of lignification, a +0 robe, a +0 dagger, a bread ration
     0 | D:1      | Reached XP level 1. HP: 15/15 MP: 3/3
   584 | D:2      | Gained mutation: You are slightly more attuned to the shadows. [demonic ancestry]
   584 | D:2      | Reached XP level 2. HP: 21/21 MP: 5/5
   672 | D:2      | Reached XP level 3. HP: 7/26 MP: 6/6
  1029 | D:2      | Found a radiant altar of Vehumet.
  1370 | D:3      | Noticed a bullfrog
  1377 | D:3      | HP: 1/26 [bullfrog (5)]
  1378 | D:3      | Slain by a bullfrog

Vault maps used:
D:1:      minmay_arrival_stair_chambers, serial_bayou_pond_d,
          serial_bayou_lake_a
D:2:      fiery_altar_vehumet, corexii_hall_statues_t
D:3:      portal_sewer_entry_f, uniq_grinder, uniq_terence, uniq_sigmund,
          uniq_robin

Skill      XL: |  1  2 |
---------------+-------+-----
Stealth        | 2 |  2.5
Maces & Flails | 2 |  2.6
Fighting       | |  1.3
Dodging        | |  0.1
Spellcasting   | |  2.2
Hexes          | |  3.0

Action                   || total
-------------------------++-------
Melee: Mace              ||    80
  Use: Potion            ||     1
 Stab: Sleeping          ||     6
  Eat: Chunk             ||     2
Armor: Robe              ||    15
       Leather armour    ||     4
Dodge: Dodged            ||    27
Block: Shield            ||    17

Table legend:
 A = Spawn XP
 B = Non-spawn XP
 C = Spawn XP percentage of total XP
 D = Spawn monster count
 E = Non-spawn monster count
 F = Spawn count percentage of total count
 G = Total turns spent on level
                    A         B        C        D         E        F      G
               +---------+---------+-------+---------+---------+-------+---------
         Total |       0 |      69 |   0.0 |       0 |      23 |   0.0 |  1378
               +---------+---------+-------+---------+---------+-------+---------
           D:1 |       0 |      11 |   0.0 |       0 |       7 |   0.0 |   575
           D:2 |       0 |      53 |   0.0 |       0 |      13 |   0.0 |   709
           D:3 |       0 |       5 |   0.0 |       0 |       3 |   0.0 |    94
               +---------+---------+-------+---------+---------+-------+---------
